 Dungeon Crawl Stone Soup version 0.30-a0-43-gbbf338a72c (webtiles) character file.

Game seed: 409877431086557990

16 scionoferis the Vexing (level 2, 0/15 HPs)
             Began as a Vampire Enchanter on Aug 31, 2022.
             Slain by a gnoll
             ... wielding a +0 flail
              (2 damage)
             ... on level 1 of the Dungeon.
             The game lasted 00:01:54 (794 turns).

scionoferis the Vexing (Vampire Enchanter)           Turns: 794, Time: 00:01:54

Health: 0/15       AC:  2    Str:  7    XL:     2   Next: 37%
Magic:  1/5        EV: 12    Int: 17    God:
Gold:   13         SH:  0    Dex: 14    Spells: 3/5 levels left

rFire   . . .      SeeInvis +    a - +1 dagger
rCold   + + .      Faith    .    (no shield)
rNeg    + + +      Spirit   .    b - +0 robe
rPois   ∞          Reflect  .    (no helmet)
rElec   .          Harm     .    (no cloak)
rCorr   .          Rampage  .    (no gloves)
Will    .....                    (no boots)
Stlth   +++++.....               (no amulet)
HPRegen 0.00/turn                (no ring)
MPRegen 0.09/turn                (no ring)

@: very slightly contaminated, bloodless, inhibited regen, invisible
A: bloodless, fangs 3, see invisible, vampiric 1
a: Revivify


You were on level 1 of the Dungeon.
You visited 1 branch of the dungeon, and saw 1 of its levels.

You collected 13 gold pieces.

Inventory:

Hand Weapons
 a - a +1 dagger (weapon)
Armour
 b - a +0 robe (worn)
Scrolls
 e - a scroll of teleportation {unknown}
Potions
 c - a potion of invisibility
 d - a potion of berserk rage {unknown}


   Skills:
 * Level 1.9 Short Blades
 + Level 2.4 Dodging
 - Level 4.4 Stealth
 + Level 2.1 Spellcasting
 + Level 4.6 Hexes
 + Level 0.1 Ice Magic


You had 3 spell levels left.
You knew the following spells:

 Your Spells              Type           Power      Damage    Failure   Level
a - Ensorcelled Hibernat  Hex/Ice        18%        N/A       11%         2

Your spell library contained the following spells:

 Spells                   Type           Power      Damage    Failure   Level
 Confusing Touch          Hex            17%        N/A       9%          3
 Tukima's Dance           Hex            17%        N/A       9%          3
 Dazzling Flash           Conj/Hex       18%        N/A       22%         3


Dungeon Overview and Level Annotations

Branches:
Dungeon (1/15)

Altars:


Innate Abilities, Weirdness & Mutations

You do not regenerate when monsters are visible.
You are frail without blood (-20% HP).
You can heal yourself when you bite living creatures.
You are immune to poison.
You have razor-sharp teeth.
You have supernaturally acute eyesight. (SInv)
You are afflicted with vampirism.


Message History

You closely miss the rat.
The rat is heavily wounded.
The rat closely misses you.
You hit the rat.
You kill the rat!
A gnoll comes into view. It is wielding a +0 flail.
The gnoll shouts!
Casting: Ensorcelled Hibernation (safe; 11% risk of failure)
Confirm with . or Enter, or press ? or * to list all spells.
Aiming: Ensorcelled Hibernation (safe; 11% risk of failure)
Press: ? - help, Shift-Dir - straight line, f - gnoll
Aim: a gnoll, wielding a +0 flail (chance to affect: 51%)
You miscast Ensorcelled Hibernation.
You are very lightly contaminated with residual magic.
Nothing appears to happen.
Casting: Ensorcelled Hibernation (safe; 11% risk of failure)
Confirm with . or Enter, or press ? or * to list all spells.
Aiming: Ensorcelled Hibernation (safe; 11% risk of failure)
Press: ? - help, Shift-Dir - straight line, f/p - gnoll
Aim: a gnoll, wielding a +0 flail (chance to affect: 51%)
The gnoll resists with some effort.
The gnoll hits you with a +0 flail!
Ouch! That really hurt!
* * * LOW HITPOINT WARNING * * *
Unknown command.
Casting: Ensorcelled Hibernation (safe; 11% risk of failure)
Confirm with . or Enter, or press ? or * to list all spells.
You don't have enough magic to cast this spell.
Unknown command.
You fade into invisibility!
The gnoll barely misses you.
You are too injured to fight recklessly!
You are too injured to fight recklessly!
You hit the gnoll but do no damage. The gnoll barely misses you.
You hit the gnoll.
The gnoll is moderately wounded.
The gnoll barely misses you.
You hit the gnoll.
The gnoll is heavily wounded.
The gnoll hits you with a +0 flail.
You die...

#.#.## #######
#######....#
#..........########
#####............
#.###.########.## #
#.# #.# .... #. #.#
#.# ...#
#####.#####.# #.#
.... .........g@.#
#.# ...#
#####...##### #.# #
###.# #.# #.# #.#
#.# #.# #.# #..


You could see a gnoll (wandering, unable to see you).

Vanquished Creatures
  An endoplasm (D:1)
  A giant cockroach (D:1)
  3 goblins (D:1)
  3 hobgoblins (D:1)
  2 bats (D:1)
  2 frilled lizards (D:1)
  A kobold (D:1)
  2 rats (D:1)
15 creatures vanquished.

Notes
Turn   | Place    | Note
-------+----------+-------------------------------------------
     0 | D:1      | scionoferis the Vampire Enchanter began the quest for the
                  | Orb.
     0 | D:1      | Reached XP level 1. HP: 13/13 MP: 3/3
   343 | D:1      | Reached XP level 2. HP: 10/15 MP: 5/5
   360 | D:1      | Learned a level 2 spell: Ensorcelled Hibernation
   794 | D:1      | Slain by a gnoll

Illustrated notes

Levels and vault maps discovered:
D:1:      minmay_arrival_split_and_join, layout_loops_ring,
          minmay_misc_feat_alley

Action                   || total
-------------------------++-------
Melee: Dagger            ||    50
       Bite              ||     2
 Cast: Ensorcelled Hiber ||     1
 Abil: Exsanguinate      ||     1
  Use: Potion            ||     1
 Stab: Sleeping          ||     3
Armor: Robe              ||     3
Dodge: Dodged            ||    21

Table legend: (Time is in decaauts)
 A = Elapsed time spent in this place.
 B = Non-inter-level travel time spent in this place.
 C = Inter-level travel time spent in this place.
 D = Time resting spent in this place.
 E = Time spent auto-exploring this place.
 F = Levels seen in this place.
 G = Mean time per level.
                   A        B        C        D        E       F      G
               +--------+--------+--------+--------+--------+-----+--------+
         Total |    790 |    790 |      0 |     75 |    546 |   1 |  790.0 |
       Dungeon |    790 |    790 |      0 |     75 |    546 |   1 |  790.0 |
               +--------+--------+--------+--------+--------+-----+--------+

Top non-repeatable levels by time:
     D:1: 790 daAuts
